 Dungeon Crawl Stone Soup version 0.24.0-2-g5b39cebb1c (webtiles) character file.

Game seed: 5424720793299322651, levelgen mode: deterministic

10058 Mrkan the Cleaver (level 11, -4/99 HPs)
             Began as a Minotaur Fighter on Oct 31, 2019.
             Was a High Priest of Zin.
             Slain by a ten-headed hydra (8 damage)
             ... on level 11 of the Dungeon.
             The game lasted 00:18:49 (10753 turns).

Mrkan the Cleaver (Minotaur Fighter)               Turns: 10753, Time: 00:18:51

Health: -4/99      AC: 14    Str: 22    XL:     11   Next: 31%
Magic:  15/15      EV:  7    Int:  5    God:    Zin [*****.]
Gold:   615        SH: 13    Dex: 14    Spells: 10/10 levels left

rFire    + . .     SeeInvis .   a - +0 war axe
rCold    + . .     Gourm    .   c - +1 shield
rNeg     . . .     Faith    .   n - +0 chain mail
rPois    .         Spirit   .   (helmet restricted)
rElec    .         Reflect  .   q - scarf {rC+ rF+}
rCorr    .         Harm     .   s - +2 pair of gloves
MR       .....                  (no boots)
Stlth    ..........             (no amulet)
HPRegen  0.26/turn              e - +2 ring of dexterity
MPRegen  0.14/turn              (no ring)

@: lightly drained
A: retaliatory headbutt, horns 2
a: Recite, Vitalisation, Imprison, Sanctuary, Donate Gold, Renounce Religion


You were on level 11 of the Dungeon.
You worshipped Zin.
Zin was extremely pleased with you.
You were not hungry.

You visited 1 branch of the dungeon, and saw 11 of its levels.

You collected 683 gold pieces.
You donated 68 gold pieces to Zin.

Inventory:

Hand Weapons
 a - a +0 war axe (weapon)
Armour
 b - a +2 cloak
 c - a +1 shield (worn)
 n - a +0 chain mail (worn)
 q - a scarf of resistance (worn)
 s - a +2 pair of gloves (worn)
Jewellery
 e - a +2 ring of dexterity (left hand)
 i - an uncursed ring of protection from magic {unknown}
 D - an uncursed ring of wizardry {unknown}
Wands
 l - a wand of disintegration (6)
 B - a wand of acid (16)
 E - a wand of enslavement (10)
Scrolls
 k - 3 scrolls of teleportation
 m - 2 scrolls of identify
 p - 2 scrolls of noise
 u - 2 scrolls of remove curse
 y - 4 scrolls of amnesia
Potions
 g - 2 potions of haste {unknown}
 j - 3 potions of degeneration
 r - a potion of brilliance {unknown}
 t - 4 potions of lignification
 v - a potion of mutation {unknown}
 x - 3 potions of agility
 z - a potion of ambrosia {unknown}
 A - 6 potions of curing
Comestibles
 f - 22 rations


   Skills:
 + Level 9.7(9.4) Fighting
 * Level 12.4(12.1) Axes
 + Level 9.5(9.2) Armour
 + Level 9.6(9.3) Shields
 + Level 6.8(6.5) Invocations


You had 10 spell levels left.
You didn't know any spells.
Your spell library contained the following spells:

 Spells                   Type           Power        Failure   Level  Hunger
 Animate Skeleton         Necr           N/A          100%        1    ##.....
 Apportation              Tloc           #.....       100%        1    ##.....
 Confusing Touch          Hex            #.....       100%        1    ##.....
 Summon Small Mammal      Summ           #...         100%        1    ##.....
 Confuse                  Hex            #.......     100%        3    ####...
 Gell's Gravitas          Tloc           #.........   100%        3    ####...
 Petrify                  Tmut/Erth      #.......     100%        4    #####..
 Metabolic Englaciation   Hex/Ice        #.........   100%        5    ######.
 Yara's Violent Unravell  Hex/Tmut       #.........   100%        5    ######.


Dungeon Overview and Level Annotations

Branches:
Dungeon (11/15)            Temple (0/1) D:7            Lair (0/6) D:9
    Orc: D:9-12

Altars:
Ashenzari
Cheibriados
Elyvilon
Gozag
Hepliaklqana
Ru
Uskayaw
Vehumet
Zin

Annotations:
D:5 1 runed translucent door, wullow85's ghost, novice DrEE
D:10 2 transporters, exclusion: orange crystal statue


Innate Abilities, Weirdness & Mutations

You reflexively headbutt those who attack you in melee.
You have a pair of horns on your head.


Message History

The eight-headed hydra bites you!
* * * LOW HITPOINT WARNING * * *
The eight-headed hydra bites you!
* * * LOW HITPOINT WARNING * * *
The eight-headed hydra closely misses you.
A centaur warrior skeleton comes into view.
You slash the centaur warrior skeleton!
The centaur warrior skeleton is lightly damaged.
You slice one of the eight-headed hydra's heads off!
The seven-headed hydra grows two more!
You hit the nine-headed hydra.
You block the centaur warrior skeleton's attack.
The centaur warrior skeleton hits you but does no damage.
You slash the centaur warrior skeleton!
You headbutt the centaur warrior skeleton.
The centaur warrior skeleton is moderately damaged.
You chop one of the nine-headed hydra's heads off!
The eight-headed hydra grows two more!
You slash the ten-headed hydra!
You block the ten-headed hydra's attack. x3
The ten-headed hydra bites you!
You die...

# .# ###.# #...
#####.########
##.#######..........<.#
......Z@D.............#
##.#######............#
#............#
#.........)..#
#............#
##########)### ##.)().#
#..##### ##)######


You could see a ten-headed hydra and a centaur warrior skeleton.

Vanquished Creatures
  2 two-headed ogres
  A centaur zombie (D:10)
  Maurice (D:9)
  Joseph (D:8)
  A hornet (D:9)
  2 hippogriffs
  5 yaks (D:9)
  3 wyverns
  A water moccasin (D:10)
  2 black bears
  3 orc warriors
  4 porcupines (D:9)
  A sky beast (D:8)
  6 ice beasts
  6 ogres
  2 necrophages (D:10)
  3 phantoms
  7 centaurs
  3 crocodiles (D:9)
  A big kobold (D:11)
  A bullfrog (D:6)
  A gnoll sergeant (D:7)
  5 scorpions
  4 killer bees
  7 wights
  3 howler monkeys
  3 crimson imps
  4 hounds
  A gnoll shaman (D:8)
  2 centaur skeletons
  3 jellies
  A bullfrog skeleton (D:10)
  9 orc priests
  Crazy Yiuf (D:2)
  4 iguanas
  Terence (D:2)
  5 orc wizards
  11 worker ants
  A hound zombie (D:10)
  A hound skeleton (D:9)
  A howler monkey zombie (D:5)
  A worker ant zombie (D:9)
  13 gnolls
  18 adders
  A shadow imp (D:6)
  2 oozes
  An adder skeleton (D:8)
  2 worms
  A dart slug (D:3)
  6 leopard geckos
  31 orcs
  A ball python (D:6)
  4 bats
  8 giant cockroaches
  3 goblins
  10 hobgoblins
  13 jackals
  6 kobolds
  6 quokkas
  2 frilled lizards
  2 leopard gecko skeletons
  12 rats
267 creatures vanquished.

Vanquished Creatures (others)
  2 fungi (D:9)
  3 plants (D:9)
5 creatures vanquished.

Grand Total: 272 creatures vanquished

Notes
Turn   | Place    | Note
-------+----------+-------------------------------------------
     0 | D:1      | Mrkan the Minotaur Fighter began the quest for the Orb.
     0 | D:1      | Reached XP level 1. HP: 19/19 MP: 0/0
   189 | D:1      | Reached XP level 2. HP: 27/27 MP: 1/1
   317 | D:1      | Reached skill level 3 in Axes
   687 | D:2      | Reached XP level 3. HP: 25/33 MP: 2/2
   726 | D:2      | Found a runed translucent door.
   727 | D:2      | Noticed Crazy Yiuf
   732 | D:2      | Killed Crazy Yiuf
   781 | D:2      | Reached XP level 4. HP: 40/40 MP: 3/3
   865 | D:2      | Found a sacrificial altar of Ru.
  1032 | D:2      | Reached skill level 4 in Axes
  1048 | D:2      | Noticed Terence
  1058 | D:2      | Killed Terence
  1357 | D:3      | Found a snail-covered altar of Cheibriados.
  1357 | D:3      | Found a radiant altar of Vehumet.
  1359 | D:3      | Found a glowing silver altar of Zin.
  1371 | D:3      | Reached XP level 5. HP: 47/47 MP: 4/4
  2082 | D:3      | Became a worshipper of Zin the Law-Giver
  2082 | D:3      | Reached * piety under Zin
  2357 | D:4      | Reached skill level 5 in Axes
  2358 | D:4      | Reached XP level 6. HP: 32/55 MP: 5/5
  2626 | D:4      | Reached skill level 5 in Fighting
  2626 | D:4      | Reached skill level 5 in Shields
  2626 | D:4      | Reached skill level 1 in Invocations
  2745 | D:4      | Reached skill level 5 in Armour
  3290 | D:4      | Reached XP level 7. HP: 61/61 MP: 7/7
  3445 | D:4      | Reached skill level 6 in Axes
  3738 | D:5      | Entered Level 5 of the Dungeon
  3948 | D:5      | Found a shattered altar of Ashenzari.
  3949 | D:5      | Found a runed translucent door.
  3949 | D:5      | Noticed wullow85's ghost (novice DrEE)
  4165 | D:5      | Reached skill level 7 in Axes
  4174 | D:5      | Reached XP level 8. HP: 63/70 MP: 8/8
  4179 | D:5      | Found a white marble altar of Elyvilon.
  4337 | D:5      | Reached ** piety under Zin
  4839 | D:6      | Reached skill level 8 in Axes
  5606 | D:6      | Found a hide-covered altar of Uskayaw.
  5622 | D:6      | Found a white marble altar of Elyvilon.
  5656 | D:6      | Reached *** piety under Zin
  5679 | D:6      | Found an opulent altar of Gozag.
  5686 | D:6      | Found a hazy altar of Hepliaklqana.
  6067 | D:7      | Reached XP level 9. HP: 67/79 MP: 10/10
  6196 | D:7      | Reached skill level 9 in Axes
  6487 | D:7      | Found a staircase to the Ecumenical Temple.
  6500 | D:7      | Reached **** piety under Zin
  6894 | D:8      | Noticed Joseph
  6977 | D:8      | Killed Joseph
  7181 | D:8      | Reached skill level 10 in Axes
  7372 | D:8      | Reached skill level 5 in Invocations
  7487 | D:8      | Found a white marble altar of Elyvilon.
  7611 | D:8      | Reached XP level 10. HP: 78/88 MP: 12/12
  7924 | D:9      | Found a staircase to the Lair.
  7969 | D:9      | Reached skill level 11 in Axes
  8001 | D:9      | Noticed a two-headed ogre
  8011 | D:9      | Zin protects you from harm!
  8032 | D:8      | HP: 3/90 [ice beast (7)]
  8305 | D:9      | Killed a two-headed ogre
  8311 | D:9      | Paralysed by a hornet for 2 turns
  9141 | D:9      | Reached ***** piety under Zin
  9469 | D:10     | Entered Level 10 of the Dungeon
  9469 | D:10     | Noticed Maurice
  9495 | D:9      | Killed Maurice
  9742 | D:10     | Reached XP level 11. HP: 81/97 MP: 14/14
  9810 | D:10     | Noticed a two-headed ogre
  9819 | D:10     | Killed a two-headed ogre
  9819 | D:10     | Reached skill level 12 in Axes
 10234 | D:10     | Found a transporter.
 10258 | D:10     | Noticed a wolf spider
 10262 | D:10     | Noticed an orange crystal statue
 10265 | D:10     | Noticed a tengu reaver
 10267 | D:10     | Noticed an ogre mage
 10278 | D:10     | Found a transporter.
 10319 | D:10     | You fall into a shaft and drop 1 floor!
 10725 | D:11     | Noticed a five-headed hydra
 10747 | D:11     | HP: 2/99 [eight-headed hydra (9)]
 10753 | D:11     | Slain by a ten-headed hydra

Levels and vault maps discovered:
D:1:      dpeg_arrival_rooms_b, layout_loops_cross, hangedman_decor_growths
D:2:      layout_basic, nicolae_ru_sacrificial_ziggurat,
          uniq_crazy_yiuf_cottage, uniq_terence
D:3:      layout_basic, gammafunk_temple_overflow_claw, serial_rivers,
          chequers_serial_rivers_micro_a, chequers_serial_rivers_small_3,
          chequers_serial_rivers_small_a, chequers_serial_rivers_small_3,
          minmay_misc_feat_cross, kennysheep_generic_room_16
D:4:      layout_gridville, first_ration, minmay_door_square,
          hangedman_abyss_or_decor_jellyfish_corner
D:5:      layout_basic, overflow_temple_1_default,
          hellmonk_ghost_happy_afterlife, elyvilon_altar_4
D:6:      layout_loops_ring, nicolae_overflow_quartered_altars
D:7:      layout_loops_cross, minmay_temple_entry_offerings
D:8:      layout_cave_pools, serial_column_ruins,
          column_ruins_corridor_dead_end, column_ruins_columns_straight,
          column_ruins_open_tiny, column_ruins_corridor_corner,
          column_ruins_open_small, column_ruins_grid_1, basic_altar, uniq_joseph
D:9:      layout_irregular_city, minmay_lair_entry_grove
D:10:     gammafunk_sealed_arena, layout_stronghold, grunt_tengu_nest,
          uniq_maurice
D:11:     layout_roguey, fedhas_altar_3

Skill      XL: |  1  2  3  4  5  6  7  8  9 10 11 |
---------------+----------------------------------+-----
Axes           | 3 4 5 7 8 10 11 12 | 12.4
Shields        | 4 5 6 8 9 |  9.6
Fighting       | 4 5 6 7 8 9 |  9.7
Armour         | 4 5 6 7 9 |  9.5
Invocations    | 1 2 3 5 6 |  6.8

Action                   |  1- 3 |  4- 6 |  7- 9 | 10-12 || total
-------------------------+-------+-------+-------+-------++-------
Melee: War axe           |    45 |   147 |   303 |   325 ||   820
       Headbutt          |     4 |    22 |    67 |    79 ||   172
Invok: Recite            |       |       |     1 |     2 ||     3
  Use: Scroll            |       |       |    14 |     4 ||    18
       Potion            |       |       |     2 |     3 ||     5
 Stab: Confused          |       |       |     1 |       ||     1
       Invisible         |       |       |     1 |       ||     1
  Eat: Chunk             |       |     8 |    10 |     7 ||    25
       Ration            |       |       |     1 |     1 ||     2
Armor: Scale mail        |    13 |       |       |       ||    13
       Chain mail        |    15 |    90 |   157 |   132 ||   394
Dodge: Dodged            |    19 |    32 |    87 |    62 ||   200
Block: Shield            |    23 |    78 |   200 |   192 ||   493
